 Dungeon Crawl Stone Soup version 0.29-a0-925-g0a7a3d12f8 (webtiles) character file.

Game seed: 7785576748588012475

101 greasedhog the Digger (level 4, -2/24 HPs)
             Began as a Gargoyle Earth Elementalist on July 28, 2022.
             Slain by Ijyb
             ... wielding a +0 club
              (4 damage)
             ... on level 3 of the Dungeon.
             The game lasted 00:04:19 (1800 turns).

greasedhog the Digger (Gargoyle Earth Elementalist) Turns: 1800, Time: 00:04:20

Health: -2/24      AC:  5    Str: 12    XL:     4   Next: 75%
Magic:  0/7        EV: 11    Int: 17    God:
Gold:   84         SH:  0    Dex: 10    Spells: 3/7 levels left

rFire   . . .      SeeInvis .   a - +0 dagger (venom)
rCold   . . .      Faith    .   (no shield)
rNeg    + . .      Spirit   .   e - +0 robe
rPois   ∞          Reflect  .   (no helmet)
rElec   +          Harm     .   (no cloak)
rCorr   .          Rampage  .   (no gloves)
Will    .....                   (no boots)
Stlth   ++........              (no amulet)
HPRegen 0.08/turn               (no ring)
MPRegen 0.10/turn               (no ring)

@: very slightly contaminated
A: sickness immunity, AC +3, negative energy resistance 1, electricity
resistance, torment resistance 1, petrification resistance
a: no special abilities


You were on level 3 of the Dungeon.
You visited 1 branch of the dungeon, and saw 3 of its levels.

You collected 84 gold pieces.

Inventory:

Hand Weapons
 a - a +0 dagger of venom (weapon)
Missiles
 l - a throwing net
Armour
 e - a +0 robe (worn)
Scrolls
 d - a scroll of blinking
 f - a scroll of enchant armour
 g - 2 scrolls of fear
 k - a scroll of vulnerability {unknown}
 m - a scroll of noise {unknown}
 p - a scroll of teleportation {unknown}
Potions
 b - a potion of magic
 c - a potion of ambrosia {unknown}
 h - a potion of brilliance {unknown}
 i - 2 potions of might {unknown}
 j - a potion of curing {unknown}
 n - a potion of degeneration {unknown}
 o - a potion of haste {unknown}
 q - a potion of attraction {unknown}


   Skills:
 - Level 1.5 Dodging
 * Level 4.2 Stealth
 - Level 2.0 Spellcasting
 - Level 1.0 Transmutations
 * Level 5.1 Earth Magic


You had 3 spell levels left.
You knew the following spells:

 Your Spells              Type           Power      Damage    Failure   Level
a - Sandblast             Erth           38%        2d10      2%          1
b - Stone Arrow           Conj/Erth      20%        3d8       21%         3

Your spell library contained the following spells:

 Spells                   Type           Power      Damage    Failure   Level
 Passwall                 Tmut/Erth      10%        N/A       9%          2
 Petrify                  Tmut/Erth      12%        N/A       47%         4
 Conjure Ball Lightning   Conj/Air       0%         3x3d6     100%        6
 Discord                  Hex            0%         N/A       100%        8
 Disjunction              Tloc           0%         N/A       100%        8


Dungeon Overview and Level Annotations

Branches:
Dungeon (3/15)

Altars:

Shops:
D:2 [   D:3 :

Annotations:
D:3 Ijyb


Innate Abilities, Weirdness & Mutations

You are immune to sickness and miasma.
Your stone body is resilient. (AC +3)
You are immune to poison.
You resist negative energy. (rN+)
You are resistant to electric shocks. (rElec)
You are resistant to unholy torment.
You are immune to petrification.


Message History

The blast of sand hits Ijyb but does no damage.
Ijyb hits you but does no damage. x2
The blast of sand hits Ijyb but does no damage.
Ijyb hits you with a +0 club. x2
The blast of sand hits Ijyb.
Ijyb is lightly wounded.
Ijyb screams, "I no like you!" Ijyb barely misses you.
Ijyb hits you with a +0 club.
The blast of sand hits Ijyb.
Ijyb is moderately wounded.
Ijyb hits you with a +0 club. x2
* * * LOW HITPOINT WARNING * * *
You closely miss Ijyb.
Ijyb is moderately wounded.
Ijyb hits you with a +0 club.
* * * LOW HITPOINT WARNING * * *
You hit Ijyb.
Ijyb is poisoned.
Ijyb is moderately wounded.
Ijyb hits you but does no damage.
Found Goorus's Book Emporium.
You barely miss Ijyb.
Ijyb is moderately wounded.
Ijyb closely misses you. Ijyb attacks as you move away! Ijyb barely misses you.
Casting: Sandblast (safe; 2% risk of failure)
Confirm with . or Enter, or press ? or * to list all spells.
The spell is extremely dangerous to miscast (21% risk of failure)!
Continue anyway?
Aiming: Stone Arrow (extremely dangerous; 21% risk of failure)
Press: ? - help, Shift-Dir - straight line, f/p - Ijyb
Aim: Ijyb, wielding a +0 club, wearing a +3 scale mail and carrying a wand of iceblast (4) (heavily wounded, very poisoned, 64% to hit)
You miscast Stone Arrow.
You are very lightly contaminated with residual magic.
Strange energies run through your body.
* * * LOW HITPOINT WARNING * * *
Ijyb barely misses you.
You hit Ijyb but do no damage.
Ijyb looks even sicker.
Ijyb is severely wounded.
Ijyb screams, "Die!"
Ijyb hits you with a +0 club.
You die...

#.# ######## #.#
#.......
########.########.#####.
#........#............#.
#........#.######...#.#.
#.....(..#.# ...#...#.#.
####...#.#.#..(.#...#.#.
..∩....@g......>#...#.#.
####!..#...##.#.#...#.#.
..............#.#.......
####...##.#####.#..##.##
#... ... .......#.#
#...#..#####.#...#.#
#...#............#.#
#...#...#..........#
#..#.##.#####


You could see Ijyb (very poisoned).

Vanquished Creatures
  4 gnolls (D:2)
  2 adders
  3 ball pythons (D:1)
  9 endoplasms
  3 giant cockroaches (D:1)
  2 goblins (D:2)
  5 hobgoblins
  2 quokkas
  A bat (D:1)
  2 frilled lizards (D:1)
  7 kobolds
  6 rats
46 creatures vanquished.

Notes
Turn   | Place    | Note
-------+----------+-------------------------------------------
     0 | D:1      | greasedhog the Gargoyle Earth Elementalist began the quest
                  | for the Orb.
     0 | D:1      | Reached XP level 1. HP: 10/10 MP: 3/3
   125 | D:1      | Reached skill level 1 in Transmutations
   129 | D:1      | Reached XP level 2. HP: 7/15 MP: 1/5
   131 | D:1      | Reached skill level 4 in Earth Magic
   649 | D:1      | Reached XP level 3. HP: 17/19 MP: 6/6
   776 | D:2      | Learned a level 3 spell: Stone Arrow
  1203 | D:2      | Reached XP level 4. HP: 13/24 MP: 3/7
  1435 | D:2      | Reached skill level 5 in Earth Magic
  1533 | D:2      | Found Dokocor's Armour Shop.
  1678 | D:2      | Found a faded altar of an unknown god.
  1786 | D:3      | Noticed Ijyb
  1795 | D:3      | Found Goorus's Book Emporium.
  1800 | D:3      | Slain by Ijyb

Illustrated notes

Levels and vault maps discovered:
D:1:      giann_forest_graveyard, layout_basic, supply_closet_lemuel,
          minmay_misc_feat_rows, minmay_split_cup_large
D:2:      layout_rooms, dreamdust_ecumenical_altar_angels_and_demons,
          serial_shops, shop, minmay_misc_feat_iff, minmay_tetromino_i4
D:3:      layout_basic, nicolae_tso_carved_into_rock, serial_shops, shop,
          uniq_ijyb

Skill      XL: |  1  2  3  4 |
---------------+-------------+-----
Transmutations | 1 |  1.0
Earth Magic    | 4 5 |  5.1
Stealth        | 3 4 |  4.2
Dodging        | |  1.5
Spellcasting   | |  2.0

Action                   |  1- 3 |  4- 6 || total
-------------------------+-------+-------++-------
Melee: Dagger            |    52 |    13 ||    65
 Cast: Sandblast         |    29 |    11 ||    40
  Use: Scroll            |     3 |       ||     3
 Stab: Sleeping          |     2 |     2 ||     4
       Distracted        |     1 |       ||     1
Armor: Robe              |    19 |     5 ||    24
Dodge: Dodged            |    26 |     8 ||    34

Table legend: (Time is in decaauts)
 A = Elapsed time spent in this place.
 B = Non-inter-level travel time spent in this place.
 C = Inter-level travel time spent in this place.
 D = Time resting spent in this place.
 E = Time spent auto-exploring this place.
 F = Levels seen in this place.
 G = Mean time per level.
                   A        B        C        D        E       F      G
               +--------+--------+--------+--------+--------+-----+--------+
         Total |   1838 |   1804 |     34 |    348 |   1124 |   3 |  612.7 |
       Dungeon |   1838 |   1804 |     34 |    348 |   1124 |   3 |  612.7 |
               +--------+--------+--------+--------+--------+-----+--------+

Top non-repeatable levels by time:
     D:2: 971 daAuts
     D:1: 784 daAuts
     D:3: 82 daAuts
